 Dungeon Crawl Stone Soup version 0.30-a0-1094-g860fb061e7 (webtiles) character file.

Game seed: 12245571754074678574

14567 tilp the Nimble (level 12, -1/103 HPs)
             Began as a Meteoran Earth Elementalist on Apr 17, 2023.
             Was a Believer of Vehumet.
             Slain by an orc warrior
             ... wielding a +0 hand axe
              (2 damage)
             ... on level 12 of the Dungeon.
             The game lasted 00:35:25 (6446 turns).

tilp the Nimble (Meteoran Earth Elementalist)       Turns: 6446, Time: 00:35:25

Health: -1/103     AC: 11    Str:  9    XL:     12   Next: 81%
Magic:  12/24      EV: 22    Int: 23    God:    Vehumet [**....]
Gold:   459        SH:  0    Dex: 15    Spells: 6/25 levels left

rFire   + . .      SeeInvis +    a - +0 whip (protect)
rCold   . . .      Faith    .    (no shield)
rNeg    . . .      Spirit   .    h - +2 robe {rF+}
rPois   .          Reflect  .    k - +1 hat
rElec   .          Rampage  .    I - +2 cloak {Stlth+}
rCorr   .                        (no gloves)
Will    +....                    f - +2 pair of boots
Stlth   +                        G - amulet of the acrobat
HPRegen 0.37/turn                r - ring of see invisible
MPRegen 0.19/turn                l - +5 ring of evasion

@: glowing, studying Dodging
A: sense surroundings 2, otherworldly, glowing, explore regen
a: Renounce Religion


You were on level 12 of the Dungeon.
You worshipped Vehumet.
Vehumet was pleased with you.
You visited 2 branches of the dungeon, and saw 13 of its levels.

You collected 654 gold pieces.
You spent 195 gold pieces at shops.

Inventory:

Hand Weapons
 a - a +0 whip of protection (weapon)
 b - a +1 heavy flail
Missiles
 e - 12 boomerangs (quivered)
 C - 4 silver boomerangs
 E - 9 poisoned darts
Armour
 f - a +2 pair of boots (worn)
 g - a +2 leather armour of cold resistance
 h - a +2 robe of fire resistance (worn)
 k - a +1 hat (worn)
 m - a +0 cloak
 n - the +1 ring mail of Spite {Will+ rCorr Dex+2}
   (You found it on level 4 of the Dungeon)

   Dex:       It affects your dexterity (+2).
   rCorr:     It protects you from acid and corrosion.
   Will:      It increases your willpower.
 p - a +0 buckler
 H - a +2 scale mail of poison resistance
 I - a +2 cloak of stealth (worn)
Magical Staves
 w - a staff of cold
 L - a staff of air
 U - a staff of poison
Jewellery
 j - a ring of magical power
 l - a +5 ring of evasion (right hand)
 q - a ring of ice
 r - a ring of see invisible (left hand)
 F - a +6 ring of intelligence
 G - an amulet of the acrobat (around neck)
 O - a +6 ring of dexterity
 V - a +6 ring of intelligence
 W - a ring of fire
 X - a ring of ice
Wands
 d - a wand of mindburst (8)
 y - a wand of digging (3)
 J - a wand of flame (14)
 R - a wand of charming (7)
Scrolls
 i - 3 scrolls of immolation
 s - 5 scrolls of teleportation
 v - 2 scrolls of amnesia
 x - a scroll of blinking
 A - 3 scrolls of poison
 M - 2 scrolls of magic mapping
 N - a scroll of brand weapon
 P - a scroll of butterflies
 T - a scroll of fog
 Z - a scroll of identify
Potions
 c - 5 potions of curing
 o - 2 potions of haste
 t - 3 potions of lignification
 u - 2 potions of heal wounds
 z - a potion of might
 B - 3 potions of brilliance
 D - 2 potions of mutation
 K - 2 potions of invisibility
 Q - a potion of magic
Miscellaneous
 Y - a piece from Xom's chessboard (15/15)


   Skills:
 * Level 8.5 Fighting
 + Level 8.4 Maces & Flails
 + Level 3.1 Throwing
 + Level 10.5 Dodging
 - Level 2.0 Stealth
 + Level 7.4 Spellcasting
 * Level 10.5 Conjurations
 - Level 4.0 Summonings
 - Level 4.0 Translocations
 - Level 1.2 Transmutations
 - Level 10.0 Earth Magic
 + Level 6.4 Evocations


You had 6 spell levels left.
You knew the following spells:

 Your Spells              Type           Power      Damage    Failure   Level
a - Sandblast             Erth           100%       2d20      1%          1
b - Stone Arrow           Conj/Erth      100%       3d13      1%          3
c - Iskenderun's Battles  Conj           54%        2d10      2%          5
d - Iskenderun's Mystic   Conj/Tloc      41%        2d9       3%          4
e - Iron Shot             Conj/Erth      27%        9d6       17%         6

Your spell library contained the following spells:

 Spells                   Type           Power      Damage    Failure   Level
 Magic Dart               Conj           100%       1d8       1%          1
 Passwall                 Tmut/Erth      28%        N/A       1%          2
 Dazzling Flash           Conj/Hex       64%        N/A       2%          3
 Sting                    Tmut/Pois      44%        1d5       6%          1
 Petrify                  Tmut/Erth      34%        N/A       8%          4
 Volatile Blastmotes      Fire/Tloc      34%        2d12      10%         3
 Poisonous Vapours        Pois/Air       16%        N/A       11%         2
 Passage of Golubria      Tloc           26%        N/A       14%         4
 Olgreb's Toxic Radiance  Pois           8%         N/A       58%         4
 Starburst                Conj/Fire      16%        6d6       78%         6
 Silence                  Hex/Air        4%         N/A       90%         5
 Spellforged Servitor     Conj/Summ      20%        N/A       97%         7
 Lehudib's Crystal Spear  Conj/Erth      27%        10d7      100%        8


Dungeon Overview and Level Annotations

Branches:
Dungeon (12/15) Zot: 658   Temple (1/1) D:7 Zot: 540    Lair (0/5) D:10
    Orc: D:9-12

Altars:
Ashenzari
Cheibriados
Dithmenos
Elyvilon
Fedhas
Gozag
Hepliaklqana
Kikubaaqudgha
Makhleb
Nemelex Xobeh
Okawaru
Qazlal
Ru
Sif Muna
Trog
Uskayaw
Vehumet
Wu Jian
Xom
Yredelemnul
Zin
The Shining One

Shops:
D:5 [


Innate Abilities, Weirdness & Mutations

You passively map the area around you.
You are easily found by Zot.
You glow in the dark.
You regain HP and MP as you explore.


Message History

Aiming: Sandblast (safe; 1% risk of failure)
Press: ? - help, Shift-Dir - straight line, f/p - orc
Aim: an orc, wielding a +0 flail (85% to hit)
The blast of sand hits the troll but does no damage.
The troll is heavily wounded.
Your battlesphere fires!
The barrage of energy hits the slime creature!
The slime creature is almost dead.
The slime creature completely misses you.
An orc comes into view.
It is wielding a +2 flail of protection.
The orc priest calls down the wrath of Beogh upon you.
Beogh smites you!
* * * LOW HITPOINT WARNING * * *
Unknown command.
Casting: Sandblast (safe; 1% risk of failure)
Confirm with . or Enter, or press ? or * to list all spells.
Aiming: Sandblast (safe; 1% risk of failure)
Press: ? - help, Shift-Dir - straight line, f/p - orc
Aim: an orc, wielding a +0 flail (85% to hit)
The blast of sand hits the orc!!
You kill the orc!
Vehumet accepts your kill.
Your battlesphere fires!
The barrage of energy hits the slime creature!
The slime creature is severely wounded.
The troll bites you!
* * * LOW HITPOINT WARNING * * *
The troll claws you.
* * * LOW HITPOINT WARNING * * *
The troll barely misses you. The slime creature hits you!
* * * LOW HITPOINT WARNING * * *
An orc priest comes into view. It is wielding a +0 club.
The orc warrior misses you.
The orc warrior barely misses your battlesphere.
The troll bites you but does no damage. The troll misses you.
The troll completely misses you.
Two slime creatures merge to form a large slime creature.
The slime creature completely misses you.
The orc warrior hits you with a +0 hand axe.
You die...

.....## ,, , ..........###.....
......>. ###...........J........
.........##.#...........o........
...................o..>......>...
......... #........)J..[[OJ......
....!....**#............#[)##....
.........####...........#(<#.....
...............)oJJ.J....)###....
.#...)..Jo.....T@*J.......# #....
.<.......#.....#...........*#@..#
...J.....#.o)o #.....O..... .###
#.##J..J.o.o. ..........., , #..
......., #.......... , .... .....
, ..........., *, ....., ...
,....>.... * ..... . , .?.......
....# , , , , , , ,


You could see a large slime creature (ally target), 4 slime creatures, a
two-headed ogre, a troll, an orc warrior, 3 orc priests, an orc wizard, 2 orcs
and a friendly battlesphere.

Vanquished Creatures
  Erolcha (D:9)
  A two-headed ogre (D:10)
  The ghost of UltrafastDeath the Destroyer, a novice OpCj of Sif Muna (D:8)
  A cyclops (D:12)
  An ugly thing (D:12)
  A manticore (D:11)
  Psyche (D:12)
  2 unseen horrors
  4 trolls
  Grinder (D:6)
  3 slime creatures (D:12)
  A shadow (D:11)
  2 wyverns
  3 vampires
  A hog (shapeshifter) (D:12)
  14 yaks
  10 vampire mosquitoes
  A basilisk (D:12)
  An acid dragon (D:9)
  9 water moccasins
  7 orc warriors
  An ice beast (D:5)
  A sky beast (D:7)
  4 ogres
  7 centaurs
  A phantom (D:6)
  A kobold brigand (D:7)
  4 bullfrogs
  A gnoll sergeant (D:10)
  9 killer bees
  A howler monkey (D:10)
  4 hounds
  9 orc priests
  A gnoll bouda (D:7)
  3 jellies
  19 orc wizards
  4 iguanas
  8 gnolls
  4 adders
  2 shadow imps
  A white imp (D:6)
  3 worms
  2 dart slugs
  64 orcs
  An endoplasm (D:3)
  3 giant cockroaches
  6 goblins
  8 hobgoblins
  4 jackals (D:1)
  12 kobolds
  4 quokkas
  4 ball pythons
  3 bats
  2 frilled lizards
  2 rats
269 creatures vanquished.

Vanquished Creatures (others)
  52 fungi (D:10)
  39 plants (D:10)
91 creatures vanquished.

Grand Total: 360 creatures vanquished

Notes
Turn   | Place    | Note
-------+----------+-------------------------------------------
     0 | D:1      | tilp the Meteoran Earth Elementalist began the quest for
                  | the Orb.
     0 | D:1      | Reached XP level 1. HP: 14/14 MP: 5/5
    70 | D:1      | Reached XP level 2. HP: 22/22 MP: 3/6
   154 | D:2      | Reached XP level 3. HP: 27/27 MP: 3/8
   212 | D:1      | Reached skill level 1 in Fighting
   421 | D:2      | Reached XP level 4. HP: 35/35 MP: 9/9
   441 | D:3      | Found a faded altar of an unknown god.
   510 | D:3      | Reached XP level 5. HP: 28/40 MP: 11/11
   520 | D:3      | Reached skill level 1 in Maces & Flails
   523 | D:3      | Reached skill level 5 in Earth Magic
   554 | D:3      | Reached XP level 6. HP: 37/48 MP: 12/12
   696 | D:2      | Learned a level 3 spell: Stone Arrow
   864 | D:3      | Reached skill level 1 in Conjurations
  1100 | D:5      | Entered Level 5 of the Dungeon
  1268 | D:4      | Noticed an ogre
  1272 | D:4      | Killed an ogre
  1273 | D:4      | Reached XP level 7. HP: 53/56 MP: 14/14
  1279 | D:4      | Identified the +1 ring mail of Spite {Will+ rCorr Dex+2}
  1620 | D:5      | Found Eqoyrur's Antique Armour Shop.
  1647 | D:6      | Noticed Grinder
  1650 | D:6      | Paralysed by Grinder for 2 turns
  1653 | D:6      | Killed Grinder
  1654 | D:6      | Reached XP level 8. HP: 43/63 MP: 15/15
  1656 | D:6      | Reached skill level 5 in Dodging
  1870 | D:5      | Found a bloodstained altar of Trog.
  2214 | D:7      | Reached skill level 5 in Spellcasting
  2230 | D:7      | Reached skill level 1 in Evocations
  2274 | D:7      | Found a basalt altar of Yredelemnul.
  2308 | D:6      | Gained mutation: You passively map the area around you.
                  | [Meteoran growth]
  2308 | D:6      | Reached XP level 9. HP: 60/71 MP: 17/17
  2351 | D:5      | Bought an embroidered cloak for 195 gold pieces
  2510 | D:6      | Reached skill level 1 in Throwing
  2909 | D:7      | Found a broken altar of Ashenzari.
  2983 | D:7      | Found a staircase to the Ecumenical Temple.
  3118 | Temple   | Entered the Ecumenical Temple
  3365 | D:7      | Reached skill level 5 in Conjurations
  3370 | D:7      | Reached XP level 10. HP: 76/80 MP: 19/19
  3430 | D:7      | Reached skill level 5 in Fighting
  3817 | D:8      | Reached skill level 5 in Maces & Flails
  3870 | D:8      | Found a runed translucent door.
  3872 | D:8      | Noticed UltrafastDeath's ghost (novice OpCj)
  3883 | D:8      | Killed UltrafastDeath's ghost
  3884 | D:8      | Reached skill level 5 in Evocations
  3940 | D:8      | Learned a level 5 spell: Iskenderun's Battlesphere
  3945 | D:8      | Learned a level 4 spell: Iskenderun's Mystic Blast
  3952 | D:8      | Learned a level 6 spell: Iron Shot
  4000 | D:8      | Found a sparkling altar of Nemelex Xobeh.
  4293 | D:9      | Reached XP level 11. HP: 91/91 MP: 6/21
  4338 | D:9      | Found a radiant altar of Vehumet.
  4344 | D:9      | Became a worshipper of Vehumet
  4362 | D:9      | Found a glowing silver altar of Zin.
  4449 | D:10     | Entered Level 10 of the Dungeon
  4509 | D:9      | Noticed Erolcha
  4515 | D:9      | Killed Erolcha
  4835 | D:10     | Found a hazy altar of Hepliaklqana.
  4835 | D:10     | Found a shimmering blue altar of Sif Muna.
  4913 | D:10     | Found a staircase to the Lair.
  4917 | D:10     | Reached skill level 1 in Translocations
  4918 | D:10     | Noticed a two-headed ogre
  4935 | D:10     | Killed a two-headed ogre
  4944 | D:10     | Reached * piety under Vehumet
  4944 | D:10     | Offered knowledge of Kiss of Death by Vehumet.
  4991 | D:10     | Reached skill level 10 in Dodging
  5293 | D:10     | Reached XP level 12. HP: 98/101 MP: 23/23
  5485 | D:11     | Reached skill level 1 in Summonings
  5509 | D:11     | Reached skill level 10 in Earth Magic
  5666 | D:11     | Offered knowledge of Magic Dart by Vehumet.
  5689 | D:11     | Reached ** piety under Vehumet
  5691 | D:11     | Reached skill level 10 in Conjurations
  6054 | D:12     | Noticed Psyche
  6071 | D:12     | Noticed a two-headed ogre
  6235 | D:12     | Killed Psyche
  6446 | D:12     | HP: 1/103 [slime creature (14)]
  6446 | D:12     | Slain by an orc warrior

Illustrated notes

Levels and vault maps discovered:
D:1:      shiori_arrival_elements, layout_rooms, serial_shops,
          nicolae_shop_real_fake_doors
D:2:      layout_rooms
D:3:      layout_rooms, nicolae_ecumenical_pavilion
D:4:      layout_basic, minmay_manual_mail
D:5:      layout_basic, general_overflow_altar, serial_shops,
          nicolae_shop_pleasant_corner_grove
D:6:      layout_rooms, uniq_grinder
D:7:      layout_basic, yredelemnul_altar_generic, mainiacjoe_overflow_brackets,
          minmay_temple_entry_from_below_a, grunt_decor_arrowhead
D:8:      layout_basic, nemelex_spade_bored_becter, special_room
          [special_room_orc], ebering_ghost_reflecting_pool,
          minmay_misc_feat_more_columns
D:9:      layout_basic, mainiacjoe_overflow_swirl, serial_aquarium,
          aquarium_bridge_square [aquarium_subvault_bridge,
          aquarium_subvault_bridge, aquarium_subvault_wall,
          aquarium_subvault_wall], aquarium_bridge_long_joined
          [aquarium_subvault_bridge, aquarium_subvault_wall,
          aquarium_subvault_wall, aquarium_subvault_bridge,
          aquarium_subvault_bridge, aquarium_subvault_wall], aquarium_window_1,
          aquarium_window_fake, aquarium_view_2f, aquarium_view_2b,
          aquarium_balcony_5b, uniq_erolcha
D:10:     layout_irregular_city, jmf_multi_god_temple,
          due_lair_maze_entry_diamond, mrwooster_statue_mirror
D:11:     layout_roguey
D:12:     layout_cave_pools, david_orc_5, serial_column_ruins,
          column_ruins_open_tiny_water, column_ruins_columns_T,
          column_ruins_columns_corner, column_ruins_columns_T,
          column_ruins_grid_1, nicolae_qazlal_style_of_elements, uniq_psyche
Temple:   eino_temple_water

Skill      XL: |  1  2  3  4  5  6  7  8  9 10 11 12 |
---------------+-------------------------------------+-----
Earth Magic    | 4 5 6 7 8 9 10 | 10.0
Spellcasting   | 3 4 5 6 7 |  7.4
Fighting       | 1 2 3 4 6 8 |  8.5
Dodging        | 3 4 6 8 10 | 10.5
Maces & Flails | 1 2 3 4 5 7 8 |  8.4
Conjurations   | 1 2 3 5 7 9 10 | 10.5
Evocations     | 1 4 5 6 |  6.4
Throwing       | 1 2 3 |  3.1
Stealth        | 2 |  2.0
Translocations | 3 4 |  4.0
Summonings     | 4 |  4.0
Transmutations | |  1.2

Action                     |  1- 3 |  4- 6 |  7- 9 | 10-12 || total
---------------------------+-------+-------+-------+-------++-------
  Melee: Whip              |       |     4 |     8 |   169 ||   181
         Punch             |       |       |       |     5 ||     5
  Throw: Boomerang         |       |       |     2 |       ||     2
   Cast: Sandblast         |    41 |    69 |   120 |   129 ||   359
         Stone Arrow       |       |       |    29 |   111 ||   140
         Iskenderun's Batt |       |       |       |    10 ||    10
         Iskenderun's Myst |       |       |       |     3 ||     3
    Use: Scroll            |       |    10 |     7 |     6 ||    23
         Potion            |       |       |       |     1 ||     1
 Armour: Robe              |     1 |     5 |    33 |    90 ||   129
         Leather armour    |     8 |    11 |       |       ||    19
  Dodge: Dodged            |    13 |    21 |   111 |   361 ||   506

Table legend: (Time is in decaauts)
 A = Elapsed time spent in this place.
 B = Non-inter-level travel time spent in this place.
 C = Inter-level travel time spent in this place.
 D = Time resting spent in this place.
 E = Time spent auto-exploring this place.
 F = Levels seen in this place.
 G = Mean time per level.
                   A        B        C        D        E       F      G
               +--------+--------+--------+--------+--------+-----+--------+
         Total |   6599 |   5405 |   1194 |    181 |      1 |  13 |  507.6 |
       Dungeon |   6540 |   5377 |   1163 |    181 |      0 |  12 |  545.0 |
        Temple |     59 |     28 |     31 |      0 |      1 |   1 |   59.0 |
               +--------+--------+--------+--------+--------+-----+--------+

Top non-repeatable levels by time:
    D:11: 920 daAuts
     D:5: 749 daAuts
     D:8: 745 daAuts
     D:9: 712 daAuts
    D:10: 649 daAuts
     D:7: 622 daAuts
     D:4: 587 daAuts
     D:6: 470 daAuts
     D:3: 346 daAuts
     D:2: 315 daAuts
     D:1: 304 daAuts
    D:12: 115 daAuts
  Temple: 59 daAuts
